 Dungeon Crawl Stone Soup version 0.23.1 (webtiles) character file.

Game seed: 13747348906546971020

42 Fang the Skirmisher (level 3, -3/24 HPs)
             Began as a Gargoyle Berserker on Mar 13, 2019.
             Was a Believer of Trog.
             Slain by a worm (8 damage)
             ... on level 3 of the Dungeon.
             The game lasted 00:02:39 (1039 turns).

Fang the Skirmisher (Gargoyle Berserker)            Turns: 1039, Time: 00:02:39

Health: -3/24      AC:  5    Str: 21    XL:     3   Next: 54%
Magic:  0/3        EV: 12    Int:  7    God:    Trog [**....]
Gold:   28         SH:  0    Dex:  9    Spells: 2/2 levels left

rFire    . . .     SeeInvis .   a - +0 hand axe
rCold    . . .     Gourm    .   (no shield)
rNeg     + . .     Faith    .   b - +0 animal skin
rPois    ∞         Spirit   +   (no helmet)
rElec    +         Reflect  .   (no cloak)
rCorr    .         Harm     .   (no gloves)
MR       .....                  (no boots)
Stlth    +.........             j - amulet of guardian spirit
HPRegen  0.08/turn              (no ring)
MPRegen  0.08/turn              (no ring)

@: no status effects
A: negative energy resistance 1, electricity resistance, unbreathing,
petrification resistance, rot immunity, AC +3
a: Berserk, Trog's Hand, Renounce Religion


You were on level 3 of the Dungeon.
You worshipped Trog.
Trog was pleased with you.
You were not hungry.

You visited 1 branch of the dungeon, and saw 3 of its levels.

You collected 28 gold pieces.

Inventory:

Hand Weapons
 a - a +0 hand axe (weapon)
Armour
 b - a +0 animal skin (worn)
Jewellery
 j - an amulet of guardian spirit (around neck)
Scrolls
 e - a scroll of fog {unknown}
 h - 3 scrolls of blinking
 i - a scroll of remove curse
 m - 3 scrolls of identify {unknown}
 p - a scroll of teleportation {unknown}
Potions
 f - 2 potions of agility {unknown}
 g - a potion of ambrosia {unknown}
 k - 3 potions of might {unknown}
 l - a potion of lignification {unknown}
 n - a potion of degeneration {unknown}
 o - a potion of flight {unknown}
 q - a potion of curing {unknown}
Comestibles
 c - 3 rations
 d - 2 chunks of flesh


   Skills:
 + Level 3.8 Fighting
 + Level 3.1 Axes
 + Level 2.8 Armour
 + Level 2.0 Dodging


You had 2 spell levels left.
You didn't know any spells.
Your spell library was empty.

Dungeon Overview and Level Annotations

Branches:
Dungeon (3/15)

Altars:

Annotations:
D:3 1 transporter


Innate Abilities, Weirdness & Mutations

You are resistant to torment.
Your stone body is resilient. (AC +3)
You are immune to poison.
You resist negative energy. (rN+)
You are resistant to electric shocks. (rElec)
You can survive without breathing.
You are immune to petrification.
You are immune to rotting.


Message History

You climb downwards.
A worm comes into view.
Found a coppery potion and 12 gold pieces.
Found a transporter.
There is a stone staircase leading up here.
A worm is nearby!
The quasit gives a chilling moan.
The worm bites you.
* * * LOW HITPOINT WARNING * * *
The quasit gives a chilling moan.
You hit the worm.
The worm is lightly wounded.
You feel yourself speed up.
You hear a chilling moan.
The worm bites you.
* * * LOW HITPOINT WARNING * * *
You hit the worm.
The worm is moderately wounded.
The worm bites you!
You die...

#. ### #.####
..##....#
...#$..###
..###.......####
..©#...........
#..w....#
#..@.<# ##!...#
#.#.## #.#.#
#.#.# ©...#
#.... #...#


You could see a worm.

Vanquished Creatures
  A worm (D:1)
  A leopard gecko (D:1)
  3 orcs (D:2)
  A ball python (D:1)
  A giant cockroach (D:2)
  6 goblins
  3 hobgoblins (D:1)
  5 bats
  3 frilled lizards
  6 kobolds
  5 rats
35 creatures vanquished.

Notes
Turn   | Place    | Note
-------+----------+-------------------------------------------
     0 | D:1      | Fang the Gargoyle Berserker began the quest for the Orb.
     0 | D:1      | Reached XP level 1. HP: 14/14 MP: 1/1
   211 | D:1      | Reached XP level 2. HP: 18/19 MP: 2/2
   588 | D:1      | Reached XP level 3. HP: 14/23 MP: 3/3
   866 | D:2      | Reached ** piety under Trog
  1035 | D:3      | Found a transporter.
  1039 | D:3      | Slain by a worm

Skill      XL: |  1  2  3 |
---------------+----------+-----
Axes           | 3 |  3.1
Dodging        | 2 |  2.0
Fighting       | |  3.8
Armour         | |  2.8

Action                   || total
-------------------------++-------
Melee: Hand axe          ||   104
Invok: Berserk           ||     1
  Use: Scroll            ||     3
 Stab: Sleeping          ||     1
  Eat: Chunk             ||     1
Armor: Animal skin       ||    37
Dodge: Dodged            ||    61
